 Dungeon Crawl Stone Soup version 0.27.1-33-g824d729ab1 (webtiles) character file.

Game seed: 16217703309665406416

101 Thatpatchoflichen the Shooter (level 4, -4/26 HPs)
             Began as a Deep Elf Hunter on Nov 25, 2021.
             Slain by a gnoll (6 damage)
             ... on level 3 of the Dungeon.
             The game lasted 00:10:09 (3115 turns).

Thatpatchoflichen the Shooter (Deep Elf Hunter)     Turns: 3115, Time: 00:10:10

Health: -4/26      AC:  3    Str:  9    XL:     4   Next: 48%
Magic:  6/6        EV: 13    Int: 16    God:
Gold:   93         SH:  0    Dex: 16    Spells: 3/3 levels left

rFire    . . .     SeeInvis .   h - +1 dagger (venom)
rCold    . . .     Faith    .   (no shield)
rNeg     . . .     Spirit   .   c - +0 leather armour
rPois    .         Reflect  .   (no helmet)
rElec    .         Harm     .   (no cloak)
rCorr    .         Rampage  .   (no gloves)
Will     .....                  (no boots)
Stlth    ++........             (no amulet)
HPRegen  0.08/turn              (no ring)
MPRegen  0.10/turn              (no ring)

@: no status effects
A: no striking features
a: no special abilities


You were on level 3 of the Dungeon.
You visited 1 branch of the dungeon, and saw 3 of its levels.

You collected 93 gold pieces.

Inventory:

Hand Weapons
 a - a +1 shortbow
 h - a +1 dagger of venom (weapon)
 l - a +0 dagger of draining
Missiles
 d - 37 arrows
Armour
 c - a +0 leather armour (worn)
 g - a +0 ring mail
Scrolls
 f - a scroll of enchant weapon {unknown}
 i - a scroll of immolation {unknown}
 k - 2 scrolls of vulnerability {unknown}
 m - a scroll of holy word {unknown}
 o - a scroll of blinking {unknown}
 p - 4 scrolls of identify {unknown}
Potions
 b - a potion of invisibility {unknown}
 e - 2 potions of lignification {unknown}
 j - a potion of heal wounds {unknown}
 n - a potion of brilliance {unknown}


   Skills:
 - Level 2.0 Fighting
 + Level 0.6 Short Blades
 + Level 6.2 Bows
 - Level 0.2 Armour
 + Level 4.1 Dodging
 - Level 2.0 Stealth


You had 3 spell levels left.
You didn't know any spells.
Your spell library was empty.

Dungeon Overview and Level Annotations

Branches:
Dungeon (3/15)

Altars:
Dithmenos


Message History

The gnoll is moderately wounded.
You hear a splash.
Fire: 41 arrows
Press: ? - help, Q - select action Shift-Dir - straight line, f/p - gnoll
Aim: a gnoll, wielding a +0 flail (moderately wounded, 69% to hit)
You shoot an arrow.
The arrow hits the gnoll but does no damage.
The gnoll is moderately wounded.
You hear a splash.
Fire: 40 arrows
Press: ? - help, Q - select action Shift-Dir - straight line, f/p - gnoll
Aim: a gnoll, wielding a +0 flail (moderately wounded, 69% to hit)
You shoot an arrow. The arrow hits the gnoll.
The gnoll is moderately wounded.
Fire: 39 arrows
Press: ? - help, Q - select action Shift-Dir - straight line, f/p - gnoll
Aim: a gnoll, wielding a +0 flail (moderately wounded, 69% to hit)
You shoot an arrow. The arrow hits the gnoll!
The gnoll is almost dead.
Fire: 38 arrows
Press: ? - help, Q - select action Shift-Dir - straight line, f/p - gnoll
Aim: a gnoll, wielding a +0 flail (moderately wounded, 69% to hit)
You shoot an arrow. The arrow hits the gnoll.
The gnoll is lightly wounded.
The gnoll hits you from afar with a +0 spear.
The gnoll hits you with a +0 club.
You see here a bat corpse.
Your +1 dagger of venom begins to drip with poison!
h - a +1 dagger of venom (weapon)
You barely miss the gnoll. The gnoll hits you with a +0 club.
You hit the gnoll.
The gnoll is poisoned.
The gnoll is lightly wounded.
The gnoll closely misses you.
Things that are here:
a +0 dagger; 3 stones; a kobold corpse You kill the gnoll!
The gnoll hits you with a +0 flail!
* * * LOW HITPOINT WARNING * * *
The gnoll hits you from afar with a +0 spear.
You die...

#####...# ........#
#####...#######
#.............###
................##########
#.####.######.#.##.g.gg..#
#.# #.# #.#.##)#####.# #(#
#.# #.#.##g#####.# #.# #.#
#...@g....##g# #.# #.#
###.##.##.##g#### #.####.#
#.............# #......#
####.......##.# ...#####
####.#####.# ##.# #.# #.#
#.##################.# #.#
#.#≈..≈....≈≈#(.gg.g.# #.#
#.......≈....((.###### #.#


You could see 2 gnolls.

Vanquished Creatures
  A bullfrog skeleton (D:3)
  A gnoll (D:3)
  A dart slug (D:1)
  5 endoplasms
  2 giant cockroaches (D:1)
  9 goblins
  3 hobgoblins (D:1)
  2 jackals (D:1)
  5 kobolds
  3 quokkas
  10 ball pythons
  5 bats
  3 frilled lizards
  6 rats
56 creatures vanquished.

Notes
Turn   | Place    | Note
-------+----------+-------------------------------------------
     0 | D:1      | Thatpatchoflichen the Deep Elf Hunter began the quest for
                  | the Orb.
     0 | D:1      | Reached XP level 1. HP: 12/12 MP: 3/3
   427 | D:1      | Reached XP level 2. HP: 16/16 MP: 4/4
   474 | D:1      | Reached skill level 6 in Bows
   910 | D:1      | Reached XP level 3. HP: 20/21 MP: 5/5
  1555 | D:2      | Found a faded altar of an unknown god.
  1650 | D:2      | Found a shadowy altar of Dithmenos.
  2146 | D:3      | Reached XP level 4. HP: 17/26 MP: 6/6
  3115 | D:3      | Slain by a gnoll

Illustrated notes

Levels and vault maps discovered:
D:1:      heliophobic_arrival_henge, layout_loops_ring
D:2:      layout_basic, shapermc_ecumenical_altar_flowoftime, basic_altar,
          chequers_serial_rivers_small_3
D:3:      layout_loops_ring, serial_rivers, chequers_serial_rivers_small_3,
          chequers_serial_rivers_micro_e, chequers_serial_rivers_micro_b,
          chequers_serial_rivers_small_3, chequers_serial_rivers_micro_e

Skill      XL: |  1  2  3 |
---------------+----------+-----
Bows           | 6 |  6.2
Dodging        | 4 |  4.1
Fighting       | 2 |  2.0
Stealth        | 2 |  2.0
Short Blades   | |  0.6
Armour         | |  0.2

Action                   |  1- 3 |  4- 6 || total
-------------------------+-------+-------++-------
Melee: Dagger            |    78 |    21 ||    99
 Fire: Shortbow          |    53 |    19 ||    72
 Stab: Sleeping          |     3 |     2 ||     5
Armor: Leather armour    |    29 |     8 ||    37
Dodge: Dodged            |    59 |    16 ||    75
